 Dungeon Crawl Stone Soup version 0.31-a0-1066-g35875b34c7 (webtiles) character file.

Game seed: 18329761117195258937

294 Gargoyl the Chopper (level 6, -4/58 HPs)
             Began as a Gargoyle Berserker on Nov 22, 2023.
             Was a Believer of Trog.
             Killed from afar by an orc wizard (8 damage)
             ... with a magic dart
             ... on level 4 of the Dungeon.
             The game lasted 00:03:01 (2045 turns).

Gargoyl the Chopper (Gargoyle Berserker)            Turns: 2045, Time: 00:03:02

Health: -4/58      AC: 23    Str: 26    XL:     6   Next: 33%
Magic:  6/6        EV:  2    Int:  8    God:    Trog [**....]
Gold:   225        SH:  0    Dex: 11    Spells: 5/5 levels left

rFire   . . .        a - +2 hand axe
rCold   . . .        (no shield)
rNeg    + . .        c - melded +0 ring mail
rPois   ∞            (helmet currently unavailable)
rElec   .            (cloak currently unavailable)
rCorr   +            (gloves currently unavailable)
SInv    .            (boots currently unavailable)
Will    .....        (no amulet)
Stlth   +            p - +6 ring of strength
HPRegen 0.29/turn    q - ring of resist corrosion
MPRegen 0.10/turn

%: no passive effects
@: tree-form
A: stationary, stasis, torment immunity, boosted hp, sickness immunity, AC +4,
negative energy resistance 1, (electricity resistance), torment resistance 1,
petrification resistance
a: Renounce Religion, Berserk, Trog's Hand


You were on level 4 of the Dungeon.
You worshipped Trog.
Trog was pleased with you.
You were a tree.
You visited 1 branch of the dungeon, and saw 4 of its levels.

You collected 225 gold pieces.

Inventory:

Hand Weapons
 a - a +2 hand axe (weapon)
Armour
 c - a +0 ring mail (melded)
Jewellery
 o - a ring of see invisible
 p - a +6 ring of strength (left branch)
 q - a ring of resist corrosion (right branch)
 r - a ring of protection from fire
Wands
 m - a wand of roots (8)
Scrolls
 e - a scroll of identify
 f - 3 scrolls of fog
 h - a scroll of blinking
 n - 2 scrolls of teleportation
 s - a scroll of poison {unknown}
Potions
 b - a potion of curing {unknown}
 d - a potion of cancellation
 g - a potion of lignification
 i - 3 potions of berserk rage {unknown}
 j - 3 potions of heal wounds {unknown}
 k - 2 potions of mutation {unknown}
 l - a potion of resistance {unknown}


   Skills:
 + Level 4.4 Fighting
 + Level 4.8 Axes
 + Level 3.4 Armour
 + Level 2.3 Dodging
 + Level 0.5 Stealth


You had 5 spell levels left.
You didn't know any spells.
Your spell library was empty.

Dungeon Overview and Level Annotations

Branches:
Dungeon (4/15)
 Temple: D:4-7

Altars:


Innate Abilities, Weirdness & Mutations

You are a tree.
Your roots penetrate the ground, keeping you stationary.
You cannot be teleported.
You are immune to unholy pain and torment.
Your maximum health is greatly increased.
Your equipment is partially melded.
You are immune to sickness and miasma.
((Your stone body is resilient. (AC +4)))
You are immune to poison.
You resist negative energy. (rN+)
((You are resistant to electric shocks. (rElec)))
You are resistant to unholy torment.
You are immune to petrification.


Message History

You closely miss the orc wizard.
The orc wizard is lightly wounded.
You miss the orc.
The orc wizard hits you but does no damage.
The orc hits you but does no damage.
The orc priest hits you but does no damage.
The orc wizard hits you but does no damage.
The orc hits you but does no damage.
The orc priest hits you with a +0 trident.
The orc wizard gestures wildly while chanting.
The orc wizard flickers and vanishes!
Deactivating autopickup; reactivate with Ctrl-A.
Unknown command.
You are too confused!
You bump into the rock wall.
You feel less confused. The orc hits you but does no damage.
The orc priest hits you with a +0 trident.
Something hits you.
Unknown command.
It was a potion of cancellation.
You feel magically purged. The orc closely misses you.
The orc priest barely misses you.
You hear some strange, mumbled words.
A puff of flame appears from out of thin air!
The puff of flame hits you.
* * * LOW HITPOINT WARNING * * *
Unknown command.
It was a potion of lignification.
You turn into a tree.
Your +0 ring mail melds into your body.
Your roots penetrate the ground.
The orc completely misses you.
The orc priest hits you but does no damage.
Something hits you but does no damage.
You barely miss the orc priest. You barely miss the orc.
You completely miss something. The orc barely misses you.
The orc priest hits you with a +0 trident.
* * * LOW HITPOINT WARNING * * *
You hear some strange, mumbled words.
A magic dart appears from out of thin air!
The magic dart hits you!
You die...

....................#..
...<....†..............
........).............
##.....#............) .
#....###.....##...# ..
......#.#..)..##..#
#... ...........†.###)#
....
#............).o{#..#
#.....#.........♣o.#
...##.##.......##..#
.....##.........
.##...........##... #
..........#### ..
....##.#... # ...
....... .....


You could see an orc priest and an orc.

Vanquished Creatures
  2 hounds (D:4)
  2 orc priests (D:3)
  Ijyb (D:3)
  An orc wizard (D:3)
  5 adders
  A worm (D:2)
  2 dart slugs (D:1)
  6 orcs
  4 ball pythons
  5 bats
  2 endoplasms
  A giant cockroach (D:2)
  14 goblins
  5 hobgoblins
  6 kobolds
  4 quokkas
  2 frilled lizards (D:1)
  8 rats
71 creatures vanquished.

Notes
Turn   | Place    | Note
-------+----------+-------------------------------------------
     0 | D:1      | Gargoyl the Gargoyle Berserker began the quest for the Orb.
     0 | D:1      | Reached XP level 1. HP: 14/14 MP: 1/1
   179 | D:1      | Reached XP level 2. HP: 14/19 MP: 2/2
   379 | D:1      | Reached XP level 3. HP: 22/24 MP: 3/3
   573 | D:2      | Reached ** piety under Trog
   627 | D:2      | Reached XP level 4. HP: 11/29 MP: 4/4
  1317 | D:3      | Noticed Ijyb
  1338 | D:3      | Killed Ijyb
  1339 | D:3      | Reached XP level 5. HP: 31/33 MP: 5/5
  1541 | D:3      | Reached XP level 6. HP: 32/39 MP: 6/6
  2045 | D:4      | Killed from afar by an orc wizard

Illustrated notes

Levels and vault maps discovered:
D:1:      heliophobic_arrival_ceremonial_halls, layout_rooms
D:2:      layout_rooms
D:3:      kennysheep_the_goblin_king, layout_basic,
          minmay_fractal_squares_gapless_5
D:4:      layout_cave_pools, uniq_grinder, uniq_duvessa, uniq_eustachio

Skill      XL: |  1  2  3  4  5 |
---------------+----------------+-----
Axes           | 3 4 |  4.8
Fighting       | 4 |  4.4
Dodging        | 2 |  2.3
Armour         | 3 |  3.4
Stealth        | |  0.5

Action                     |  1- 3 |  4- 6 || total
---------------------------+-------+-------++-------
  Melee: Hand axe          |    91 |    91 ||   182
 Invoke: Berserk           |       |     2 ||     2
    Use: Scroll            |     2 |     6 ||     8
         Potion            |       |     2 ||     2
 Armour: Ring mail         |    80 |    77 ||   157
         Animal skin       |     2 |       ||     2
         Skin              |       |     4 ||     4
  Dodge: Dodged            |    71 |    57 ||   128

Table legend: (Time is in decaauts)
 A = Elapsed time spent in this place.
 B = Non-inter-level travel time spent in this place.
 C = Inter-level travel time spent in this place.
 D = Time resting spent in this place.
 E = Time spent auto-exploring this place.
 F = Levels seen in this place.
 G = Mean time per level.
                   A        B        C        D        E       F      G
               +--------+--------+--------+--------+--------+-----+--------+
         Total |   2077 |   1994 |     83 |      0 |   1456 |   4 |  519.2 |
       Dungeon |   2077 |   1994 |     83 |      0 |   1456 |   4 |  519.2 |
               +--------+--------+--------+--------+--------+-----+--------+

Top non-repeatable levels by time:
     D:3: 833 daAuts
     D:2: 636 daAuts
     D:1: 565 daAuts
     D:4: 42 daAuts
